 Dungeon Crawl Stone Soup version 0.19.5 (webtiles) character file.

4363 theElss the Thaumaturge (level 10, -1/52 HPs)
             Began as a Deep Elf Conjurer on Apr 22, 2017.
             Was a Believer of Vehumet.
             Slain by Artagas's ghost (19 damage)
             ... on level 8 of the Dungeon.
             The game lasted 00:41:05 (11588 turns).

theElss the Thaumaturge (Deep Elf Conjurer)        Turns: 11588, Time: 00:41:06

Health: -1/52      AC:  3    Str:  6    XL:     10   Next: 12%
Magic:  11/29      EV: 14    Int: 23    God:    Vehumet [**....]
Gold:   491        SH:  0    Dex: 21    Spells: 4 memorised, 24 levels left

rFire  . . .     SeeInvis .     e - +0 spear
rCold  . . .     Gourm    .     a - +0 robe
rNeg   . . .     Faith    .     (no shield)
rPois  .         Spirit   .     (no helmet)
rElec  .         Reflect  .     o - +0 cloak
rCorr  .         Harm     .     (no gloves)
MR     +....                    (no boots)
Stlth  ++........               (no amulet)
                                t - +6 ring of dexterity
                                (no ring)

@: drained
A: no striking features
a: Renounce Religion


You were on level 8 of the Dungeon.
You worshipped Vehumet.
Vehumet was pleased with you.
You were not hungry.

You visited 1 branch of the dungeon, and saw 9 of its levels.

You collected 491 gold pieces.

Inventory:

Hand Weapons
 e - a +0 spear (weapon)
Missiles
 j - 27 tomahawks (quivered)
Armour
 a - a +0 robe (worn)
 l - a +0 robe of magic resistance
 o - a +0 cloak (worn)
Jewellery
 t - a +6 ring of dexterity (right hand)
Wands
 H - a wand of hasting (6/9)
Scrolls
 d - a scroll of remove curse
 f - a scroll of blinking {unknown}
 i - 2 scrolls of amnesia
 m - a scroll of fog {unknown}
 u - a scroll of enchant weapon {unknown}
 x - 2 scrolls of recharging
 B - 2 scrolls of fear {unknown}
Potions
 k - a potion of brilliance {unknown}
 n - 2 potions of haste
 p - a potion of might {unknown}
 q - 2 potions of berserk rage
 s - 2 potions of cancellation
 v - 2 potions of heal wounds
 z - 2 potions of mutation
 D - 2 potions of agility {unknown}
 F - 2 potions of curing
Books
 b - a book of Conjurations

   Spells                             Type                      Level
   a - Magic Dart                     Conjuration                  1
   b - Searing Ray                    Conjuration                  2
   c - Dazzling Spray                 Conjuration/Hexes            3
   d - Fulminant Prism                Conjuration/Hexes            4
   e - Iskenderun's Mystic Blast      Conjuration                  4
   f - Iskenderun's Battlesphere      Conjuration/Charms           5
 A - a book of Maledictions

   Spells                             Type                      Level
   a - Corona                         Hexes                        1
   b - Ensorcelled Hibernation        Hexes/Ice                    2
   c - Confuse                        Hexes                        3
   d - Tukima's Dance                 Hexes                        3
   e - Dazzling Spray                 Conjuration/Hexes            3
 C - Sif Muna's Grimoire of Displacement
   (You found it on level 5 of the Dungeon)

   Spells                             Type                      Level
   a - Shroud of Golubria             Charms/Translocation         2
   b - Gell's Gravitas                Hexes/Translocation          3
   c - Portal Projectile              Translocation                3
   d - Force Lance                    Conjuration/Translocation    4
   e - Controlled Blink               Translocation                8
Comestibles
 c - 4 bread rations
 g - 4 meat rations
 h - 3 chunks of flesh
 w - 2 slices of pizza
 E - 40 fruits
 G - a beef jerky


   Skills:
 + Level 1.3(0.7) Fighting
 + Level 3.9(3.2) Dodging
 - Level 2.4(1.8) Stealth
 + Level 13.5(12.7) Spellcasting
 + Level 11.3(10.5) Conjurations


You had 24 spell levels left.
You knew the following spells:

 Your Spells              Type           Power        Failure   Level  Hunger
a - Magic Dart            Conj           ####         1%          1    None
b - Iskenderun's Battles  Conj/Chrm      #####...     17%         5    ###....
c - Searing Ray           Conj           ######       1%          2    None
d - Iskenderun's Mystic   Conj           ######..     1%          4    None


Dungeon Overview and Level Annotations

Branches:
Dungeon (9/15)             Temple (0/1) D:6
   Lair: D:8-11         Orc: D:9-12

Altars:
Cheibriados
Dithmenos
Elyvilon
Fedhas
Gozag
Hepliaklqana
Qazlal
Vehumet
Xom
Yredelemnul
Zin

Annotations:
D:8 Artagas's ghost, novice CeHu


Message History

Aim: a polar bear (severely wounded, berserk, fast, unusually strong)
The orb of energy hits the polar bear.
The polar bear is almost dead.
The polar bear barely misses you. The polar bear claws you.
The polar bear barely misses you. x2; The polar bear misses you.
The polar bear claws you!
Casting: Iskenderun's Mystic Blast
Confirm with . or Enter, or press ? or * to list all spells.
Aiming: Iskenderun's Mystic Blast
Press: ? - help, Shift-Dir - straight line, f/p - polar bear
Aim: a polar bear (almost dead, berserk, fast, unusually strong)
The orb of energy hits the polar bear.
You kill the polar bear!
Vehumet accepts your kill.
You feel your power returning.
You see here a polar bear corpse.
A yak comes into view.
The yak bellows!
Artagas's ghost hits you!!
You die...

..# ........ ... #......
#.# #.Y...# #.# #.....#
#.# #.....#
###.############....$#####
...>..≈...................
#####≈≈≈########...#.#####
# #≈≈≈# #####@..# .. #
##≈≈≈## #..†W...# ## #
##≈≈≈≈≈###.####......
###.≈≈≈≈≈.##.# ..#...r.
#...≈≈≈≈≈....# ###.####
....######...#.# ..
...............# .##
.....###.......# ...
#...≈≈≈≈≈....#.# #..


You could see a yak, Artagas's ghost and a quokka (wandering).

Vanquished Creatures
  The ghost of Doomgape the Covert, a novice HaFi of Dithmenos (D:7)
  A polar bear (D:8)
  A yak (D:8)
  The ghost of Diode the Cudgeler, an amateur MiBe of Trog (D:4)
  Edmund (D:6)
  A water moccasin (D:7)
  2 sky beasts (D:5)
  3 ice beasts
  2 orc warriors (D:6)
  A necrophage (D:8)
  3 ogres
  2 phantoms (D:5)
  3 centaurs
  A crocodile (D:7)
  A bullfrog (D:7)
  A wyvern skeleton (D:8)
  2 scorpions
  3 howler monkeys
  6 electric eels (D:5)
  4 crimson imps
  A centaur zombie (D:7)
  A quasit (D:6)
  2 jellies
  4 orc wizards
  2 hounds
  4 orc priests
  2 iguanas (D:4)
  3 worker ants
  Terence (D:2)
  2 killer bee zombies
  A centaur simulacrum (D:8)
  A hound zombie (D:5)
  4 gnolls (D:4)
  A howler monkey skeleton (D:5)
  10 adders
  2 shadow imps
  A white imp (D:8)
  2 oozes
  3 worms
  3 dart slugs
  An adder simulacrum (D:8)
  8 leopard geckos
  27 orcs
  2 ball pythons
  5 giant cockroaches
  14 goblins
  9 hobgoblins
  16 jackals
  5 kobolds
  8 quokkas
  9 bats
  6 frilled lizards
  A jackal skeleton (D:4)
  A leopard gecko skeleton (D:6)
  A quokka zombie (D:6)
  5 rats
  3 plants (D:5)
211 creatures vanquished.

Vanquished Creatures (others)
  A plant (D:5)
1 creature vanquished.

Grand Total: 212 creatures vanquished

Notes
Turn   | Place    | Note
-------+----------+-------------------------------------------
     0 | D:1      | theElss the Deep Elf Conjurer began the quest for the Orb.
     0 | D:1      | Reached XP level 1. HP: 10/10 MP: 6/6
   159 | D:1      | Reached XP level 2. HP: 5/15 MP: 0/8
   163 | D:1      | Reached skill level 5 in Conjurations
   987 | D:2      | Reached XP level 3. HP: 12/19 MP: 3/9
  1014 | D:1      | Learned a level 2 spell: Searing Ray
  1188 | D:2      | Noticed Terence
  1249 | D:2      | Killed Terence
  1410 | D:2      | Reached XP level 4. HP: 24/24 MP: 9/11
  1803 | D:2      | Found a white marble altar of Elyvilon.
  2435 | D:3      | Reached skill level 4 in Spellcasting
  2438 | D:3      | Reached XP level 5. HP: 28/28 MP: 8/13
  2622 | D:3      | Found a shimmering altar of Xom.
  2648 | D:3      | Noticed an angel
  2650 | D:3      | Found a glowing silver altar of Zin.
  3200 | D:4      | Found a blossoming altar of Fedhas.
  3382 | D:4      | Reached skill level 5 in Spellcasting
  3748 | D:4      | Reached XP level 6. HP: 32/32 MP: 8/16
  3959 | D:4      | Noticed Diode's ghost (amateur MiBe)
  4067 | D:4      | Killed Diode's ghost
  4067 | D:4      | Reached skill level 6 in Spellcasting
  4387 | D:4      | Reached XP level 7. HP: 26/37 MP: 14/19
  4662 | D:5      | Entered Level 5 of the Dungeon
  4673 | D:5      | Reached skill level 7 in Spellcasting
  4674 | D:5      | Found a radiant altar of Vehumet.
  4696 | D:5      | Became a worshipper of Vehumet
  4750 | D:4      | Learned a level 5 spell: Iskenderun's Battlesphere
  4755 | D:4      | Learned a level 4 spell: Iskenderun's Mystic Blast
  5097 | D:5      | Identified Sif Muna's Grimoire of Displacement
  5168 | D:5      | Reached skill level 8 in Spellcasting
  6051 | D:5      | Reached skill level 9 in Spellcasting
  6051 | D:5      | Reached XP level 8. HP: 42/42 MP: 19/23
  6476 | D:5      | HP: 2/42 [electric eel/bolt of electricity (12)]
  7404 | D:5      | Reached skill level 10 in Spellcasting
  7443 | D:5      | Reached * piety under Vehumet
  7443 | D:5      | Offered knowledge of Sandblast by Vehumet.
  7621 | D:5      | Found a shadowy altar of Dithmenos.
  8045 | D:6      | Noticed Edmund
  8167 | D:6      | Killed Edmund
  8512 | D:6      | Found a staircase to the Ecumenical Temple.
  8562 | D:6      | Reached skill level 11 in Spellcasting
  8566 | D:6      | Reached XP level 9. HP: 32/46 MP: 2/26
  8831 | D:6      | Reached skill level 10 in Conjurations
  9265 | D:7      | Reached ** piety under Vehumet
  9265 | D:7      | Offered knowledge of Shock by Vehumet.
  9725 | D:7      | Noticed Doomgape's ghost (novice HaFi)
  9753 | D:7      | Killed Doomgape's ghost
  9753 | D:7      | Reached skill level 12 in Spellcasting
 10000 | D:7      | Reached skill level 1 in Fighting
 10098 | D:7      | Found a stormy altar of Qazlal.
 10606 | D:8      | Reached skill level 13 in Spellcasting
 10927 | D:8      | Noticed Artagas's ghost (novice CeHu)
 11227 | D:9      | Reached XP level 10. HP: 52/52 MP: 20/29
 11294 | D:9      | Found an opulent altar of Gozag.
 11298 | D:9      | Found a hazy altar of Hepliaklqana.
 11298 | D:9      | Found a stormy altar of Qazlal.
 11327 | D:9      | Found a basalt altar of Yredelemnul.
 11331 | D:9      | Found a snail-covered altar of Cheibriados.
 11588 | D:8      | Slain by Artagas's ghost

Skill      XL: |  1  2  3  4  5  6  7  8  9 |
---------------+----------------------------+-----
Conjurations   | 5 6 7 8 9 11 | 11.3
Dodging        | 3 |  3.9
Spellcasting   | 4 5 6 9 11 13 | 13.5
Fighting       | 1 |  1.3
Stealth        | |  2.4

Action                   |  1- 3 |  4- 6 |  7- 9 | 10-12 || total
-------------------------+-------+-------+-------+-------++-------
Melee: Spear             |     4 |       |       |       ||     4
 Cast: Magic Dart        |    42 |   142 |   133 |     6 ||   323
       Searing Ray       |     2 |    12 |    15 |     4 ||    33
       Iskenderun's Myst |       |       |   105 |    11 ||   116
  Use: Scroll            |       |       |    10 |       ||    10
  Eat: Chunk             |     1 |     9 |    17 |     2 ||    29
       Beef jerky        |       |       |     2 |       ||     2
       Royal jelly       |       |       |     1 |       ||     1
Armor: Robe              |     2 |     6 |     4 |       ||    12
Dodge: Dodged            |     9 |     8 |    34 |     8 ||    59
